 Dungeon Crawl Stone Soup version 0.13.1-22-g086cdba (webtiles) character file.

340 Kae the Ruffian (level 4, 0/35 HPs)
             Began as a Draconian Transmuter on Dec 31, 2013.
             Slain by an orc warrior
             ... wielding a +0,+1 orcish mace
              (11 damage)
             ... on Level 3 of the Dungeon.
             The game lasted 00:03:38 (3017 turns).

Kae the Ruffian (Draconian Transmuter)              Turns: 3017, Time: 00:03:38

HP   0/35        AC  2     Str 13      XL: 4   Next: 64%
MP   0/6         EV 19     Int 13      God:
Gold 228         SH  0     Dex 17      Spells:  3 memorised,  1 level left

Res.Fire  : . . .   See Invis. : .     - Unarmed
Res.Cold  : . . .   Warding    : .   (armour unavailable)
Life Prot.: . . .   Conserve   : .   (shield currently unavailable)
Res.Poison: x       Res.Corr.  : .   (helmet currently unavailable)
Res.Elec. : .       Clarity    : .   o - melded +0 cloak
Sust.Abil.: . .     Spirit.Shd : +   (gloves currently unavailable)
Res.Mut.  : .       Stasis     : .   y - melded +0 pair of boots (curse)
Res.Rott. : .       Flight     : .   p - amulet of guardian spirit
Saprovore : . . .                    (no ring)
                                     (no ring)

@: spider-form, quick, slightly resistant to hostile enchantments, unstealthy
A: unfitting armour, AC +5
a: End Transformation


You were on level 3 of the Dungeon.
You were very hungry.
You were in spider-form.
You visited 1 branch of the dungeon, and saw 3 of its levels.

You collected 208 gold pieces.

Inventory:

Missiles
 b - 52 arrows
Armour
 o - a +0 cloak (melded)
 y - a cursed +0 pair of boots (melded)
Comestibles
 a - 3 bread rations
 g - a meat ration
 x - an apple
Scrolls
 c - 2 scrolls of remove curse {unknown}
 e - 2 scrolls of amnesia {unknown}
 f - a scroll of magic mapping {unknown}
 h - 2 scrolls of identify {unknown}
 i - 3 scrolls of recharging {unknown}
 j - a scroll of curse armour {unknown}
 l - 4 scrolls of enchant armour {unknown}
 s - a scroll of teleportation {unknown}
 v - a scroll of curse weapon {unknown}
Jewellery
 p - an amulet of guardian spirit (around neck)
Potions
 k - a potion of brilliance {unknown}
 m - 2 potions of speed {unknown}
 n - 4 potions of curing
 q - 2 potions of resistance {unknown}
 r - a potion of porridge {unknown}
 t - a potion of confusion {unknown}
 u - 2 potions of slowing {unknown}
 w - a potion of magic {unknown}
 z - a potion of agility {unknown}
Books
 d - a book of Changes

   Spells                             Type                      Level
   *Beastly Appendage                 Transmutation                1
   *Sticks to Snakes                  Transmutation                2
   *Spider Form                       Transmutation/Poison         3
   Ice Form                           Ice/Transmutation            4
   Blade Hands                        Transmutation                5


   Skills:
 - Level 1.1 Fighting
 - Level 1.7 Dodging
 * Level 4.8 Unarmed Combat
 - Level 2.0 Spellcasting
 + Level 3.2 Transmutations


You had one spell level left.
You knew the following spells:

 Your Spells              Type           Power        Failure   Level  Hunger
a - Beastly Appendage     Trmt           #.....       24%         1    ##.....
b - Sticks to Snakes      Trmt           #.........   28%         2    ###....
c - Spider Form           Trmt/Pois      #.........   61%         3    ####...


Dungeon Overview and Level Annotations

Branches:
Dungeon (3/27)

Altars:


Message History

It picks up an uncursed orcish short sword.
You hit the orc warrior.
The orc warrior is lightly wounded.
The orc warrior barely misses you.
Your transformation has ended.
Your +0 cloak unmelds from your body.
Your cursed +0 pair of boots unmelds from your body.
The orc warrior looks more healthy.
There is an open door here.
You are feeling very hungry.
Casting: Spider Form
Confirm with . or Enter, or press ? or * to list all spells.
You turn into a venomous arachnid creature.
Your +0 cloak melds into your body.
Your cursed +0 pair of boots melds into your body.
The orc warrior hits you with an orcish mace!
Ouch! That really hurt!
* * * LOW HITPOINT WARNING * * *
The orc warrior hits you with an orcish mace!
You die...

# #.....<....#
#...........# #
#..............
#...<.......# #
#..........###
#..........?# #########.##
############ ##... .# #..#
# ## # ##.######### #. #
#..........######### #. #
#....[......so.....## #. #
###..........#######..####
#. # #............#
##....#####.
###.#..........#
####....##.
....#..........# ####..'.
#####..........# ####. #
############ #. # #( ##


You could see an orc warrior.

Vanquished Creatures
  Ijyb (D:2)
  2 adders
  2 worms
  3 giant geckos
  An ooze (D:2)
  An orc (D:3)
  A ball python (D:2)
  10 bats
  3 giant cockroaches
  4 goblins (D:2)
  4 hobgoblins
  A quokka (D:2)
  3 giant newts
  7 jackals (D:1)
  6 kobolds
  14 rats
63 creatures vanquished.

Notes
Turn   | Place    | Note
--------------------------------------------------------------
     0 | D:1      | Kae, the Draconian Transmuter, began the quest for the Orb.
     0 | D:1      | Reached XP level 1. HP: 16/16 MP: 1/1
   437 | D:1      | Reached XP level 2. HP: 23/23 MP: 3/3
  1174 | D:2      | Reached skill level 4 in Unarmed Combat
  1174 | D:2      | Reached XP level 3. HP: 19/28 MP: 4/4
  1303 | D:2      | HP: 1/28 [poisoned by a goblin]
  1928 | D:2      | Noticed Ijyb
  1948 | D:2      | Killed Ijyb
  1948 | D:2      | Reached XP level 4. HP: 27/35 MP: 4/6
  2237 | D:3      | Learned a level 2 spell: Sticks to Snakes
  2241 | D:3      | Learned a level 3 spell: Spider Form
  2264 | D:3      | Noticed an orc warrior
  2274 | D:3      | Paralysed by an orc warrior for 7 turns
  2289 | D:3      | Paralysed by an orc warrior for 5 turns
  2972 | D:3      | Paralysed by an orc warrior for 2 turns
  3017 | D:3      | Slain by an orc warrior

Action                   |  1- 3 |  4- 6 || total
-------------------------+-------+-------++-------
Melee: Unarmed           |   221 |    37 ||   258
 Cast: Beastly Appendage |     2 |     2 ||     4
       Spider Form       |       |     2 ||     2
  Use: Potion            |     1 |       ||     1
 Stab: Sleeping          |     1 |     1 ||     2
       Distracted        |       |     1 ||     1
